 Dungeon Crawl Stone Soup version 0.28-a0-1147-gc7b72d3202 (webtiles) character file.

Game seed: 11183927255387521023

172 ChaosChampion the Conjurer (level 5, 0/42 HPs)
             Began as a Deep Elf Conjurer on Dec 14, 2021.
             Slain by a scorpion (2 damage)
             ... on level 4 of the Dungeon.
             The game lasted 00:11:37 (4680 turns).

ChaosChampion the Conjurer (Deep Elf Conjurer)      Turns: 4680, Time: 00:11:37

Health: 0/42       AC: 22    Str:  4    XL:     5   Next: 27%
Magic:  1/13       EV:  2    Int: 25    God:
Gold:   198        SH:  0    Dex: 19    Spells: 2/12 levels left

rFire   . . .      SeeInvis .   (no weapon)
rCold   . . .      Faith    .   (no shield)
rNeg    . . .      Spirit   .   (armour currently unavailable)
rPois   +          Reflect  .   (helmet currently unavailable)
rElec   .          Harm     .   (cloak currently unavailable)
rCorr   .          Rampage  .   (gloves currently unavailable)
Will    .....      NoTele   +   (boots currently unavailable)
Stlth   +++.......              f - amulet of the acrobat
HPRegen 0.14/turn               p - +6 ring of dexterity
MPRegen 0.13/turn               (no ring)

@: tree-form, acrobatic, attractive
A: stationary, stasis, torment immunity, boosted hp
a: no special abilities


You were on level 4 of the Dungeon.
You were a tree.
You visited 1 branch of the dungeon, and saw 5 of its levels.

You collected 198 gold pieces.

Inventory:

Armour
 a - a +0 robe (melded)
 j - a +2 cloak (melded)
Magical Staves
 c - a staff of poison
Jewellery
 f - an amulet of the acrobat (around neck)
 p - a +6 ring of dexterity (left branch)
Wands
 n - a wand of iceblast (11)
Scrolls
 d - a scroll of enchant weapon {unknown}
 i - 2 scrolls of identify {unknown}
 k - 2 scrolls of teleportation {unknown}
 l - a scroll of immolation {unknown}
 m - 3 scrolls of noise {unknown}
Potions
 e - 2 potions of lignification
 h - a potion of invisibility {unknown}
 o - a potion of might {unknown}


   Skills:
 - Level 3.4 Dodging
 - Level 3.6 Stealth
 + Level 4.3 Spellcasting
 + Level 5.2 Conjurations
 * Level 1.7 Translocations
 + Level 1.0 Air Magic


You had 2 spell levels left.
You knew the following spells:

 Your Spells              Type           Power      Damage    Failure   Level
a - Magic Dart            Conj           100%       1d8       1%          1
b - Searing Ray           Conj           62%        2d6       1%          2
c - Swiftness             Air            10%        N/A       17%         3
d - Iskenderun's Mystic   Conj/Tloc      23%        2d6       21%         4

Your spell library contained the following spells:

 Spells                   Type           Power      Damage    Failure   Level
 Shock                    Conj/Air       84%        1d8       2%          1
 Freeze                   Ice            20%        1d4       9%          1
 Conjure Flame            Conj/Fire      18%        6-21      9%          3
 Dazzling Flash           Conj/Hex       36%        N/A       9%          3
 Frozen Ramparts          Ice            10%        1d3       26%         3
 Ignite Poison            Fire/Tmut/Pois 5%         N/A       26%         3
 Fulminant Prism          Conj/Hex       9%         3d7       30%         4
 Hailstorm                Conj/Ice       18%        3d6       30%         4
 Sticky Flame             Conj/Fire      18%        2d4       30%         4
 Airstrike                Air            5%         N/A       50%         4


Dungeon Overview and Level Annotations

Branches:
Dungeon (5/15)
 Temple: D:4-7

Altars:

Shops:
D:1 !   D:4 ?


Message History

(Press . to maintain the ray.)
The scorpion stings you but does no damage. x2
The searing ray hits the scorpion.
The scorpion is moderately wounded.
The scorpion stings you but does no damage.
You cannot move.
Without enough magic to sustain it, your searing ray dissipates.
The scorpion stings you but does no damage.
The scorpion stings you but does no damage.
The scorpion completely misses you.
The scorpion stings you but does no damage.
The scorpion stings you.
* * * LOW HITPOINT WARNING * * *
The scorpion stings you but does no damage.
The scorpion stings you but does no damage.
The scorpion stings you.
* * * LOW HITPOINT WARNING * * *
The scorpion stings you but does no damage.
The scorpion stings you but does no damage. x2
The scorpion stings you.
* * * LOW HITPOINT WARNING * * *
Casting: Searing Ray (safe; 1% risk of failure)
Confirm with . or Enter, or press ? or * to list all spells.
Aiming: Magic Dart (safe; 1% risk of failure)
Press: ? - help, Shift-Dir - straight line, f/p - scorpion
Aim: a scorpion (moderately wounded, 100% to hit)
The magic dart hits the scorpion.
The scorpion is moderately wounded.
The scorpion barely misses you.
Casting: Magic Dart (safe; 1% risk of failure)
Confirm with . or Enter, or press ? or * to list all spells.
You don't have enough magic to cast this spell.
The scorpion stings you but does no damage.
Okay, then.
Sorry, you're not good enough to have a special ability.
A scorpion is nearby!
The scorpion stings you but does no damage.
The scorpion stings you but does no damage. x2
The scorpion stings you.
You die...

#####.........# ##.##.###
#.........# ###..##...#
#.........# #...###...#
#####.........# #.####....#
.....÷........###.####....###
#####.......................#
#........####.#...#.....#
##........# ##.#.###....##
##........s# #♣s#.# #....#
###..######..###.#..# #....#
#...#######...#..#.####....######
#..............................<.
###............##(.#.##..#.....##
#..........>.##....#.....###..#
##########...##.#........# .#
##########......#........#
###.....<......#..#.#.#....# #


You could see a scorpion.

Vanquished Creatures
  A centaur zombie (D:4)
  Terence (D:2)
  A hound skeleton (D:4)
  4 gnolls (D:2)
  An adder (D:2)
  2 worms (D:2)
  A dart slug (D:4)
  An orc (D:3)
  A bat (D:2)
  4 endoplasms
  3 giant cockroaches
  3 goblins
  4 hobgoblins
  5 kobolds
  4 quokkas
  5 ball pythons
  2 frilled lizards (D:2)
  A quokka skeleton (D:4)
  6 rats
50 creatures vanquished.

Vanquished Creatures (others)
  3 plants (D:2)
  10 withered plants (D:2)
13 creatures vanquished.

Grand Total: 63 creatures vanquished

Notes
Turn   | Place    | Note
-------+----------+-------------------------------------------
     0 | D:1      | ChaosChampion the Deep Elf Conjurer began the quest for the
                  | Orb.
     0 | D:1      | Reached XP level 1. HP: 10/10 MP: 6/6
   308 | D:1      | Found Dukharch's Distillery.
   543 | D:1      | Reached XP level 2. HP: 15/15 MP: 5/8
  1085 | D:2      | Found a faded altar of an unknown god.
  1138 | D:2      | Noticed Terence
  1203 | D:1      | Learned a level 2 spell: Searing Ray
  1283 | D:2      | Reached XP level 3. HP: 10/19 MP: 0/10
  1581 | D:2      | You fall into a shaft and drop 2 floors!
  1581 | D:4      | Noticed a black bear
  2680 | D:2      | Reached XP level 4. HP: 24/24 MP: 8/11
  2975 | D:2      | Learned a level 3 spell: Swiftness
  2980 | D:2      | Learned a level 4 spell: Iskenderun's Mystic Blast
  3012 | D:2      | Reached skill level 5 in Conjurations
  3813 | D:4      | Found Loussan's Magic Scroll Shoppe.
  3904 | D:2      | Killed Terence
  4093 | D:4      | Reached skill level 1 in Translocations
  4351 | D:4      | Reached XP level 5. HP: 28/28 MP: 5/13
  4443 | D:4      | Reached skill level 1 in Air Magic
  4658 | D:5      | Entered Level 5 of the Dungeon
  4658 | D:5      | Noticed an ice beast
  4675 | D:4      | HP: 1/42 [scorpion (6)]
  4680 | D:4      | Slain by a scorpion

Illustrated notes

Levels and vault maps discovered:
D:1:      lightli_arrival_statue_moat, layout_basic, serial_shops, shop,
          minmay_split_cup_small
D:2:      layout_loops_corners, shapermc_ecumenical_altar_flowoftime,
          st_stairs_3, uniq_terence
D:3:      layout_loops_cross
D:4:      layout_rooms, serial_shops, shop_scrolls
D:5:      layout_rooms, serial_corexii_hall, corexii_hall_statues_x,
          corexii_hall_statues_l

Skill      XL: |  1  2  3  4  5 |
---------------+----------------+-----
Stealth        | 3 |  3.6
Dodging        | 3 |  3.4
Spellcasting   | 4 |  4.3
Conjurations   | 5 |  5.2
Translocations | 1 |  1.7
Air Magic      | 1 |  1.0

Action                   |  1- 3 |  4- 6 || total
-------------------------+-------+-------++-------
 Cast: Magic Dart        |    40 |    29 ||    69
       Searing Ray       |     7 |    18 ||    25
       Iskenderun's Myst |       |     3 ||     3
  Use: Potion            |       |     3 ||     3
Armor: Robe              |     2 |     4 ||     6
       Skin              |       |    18 ||    18
Dodge: Dodged            |    11 |    17 ||    28

Table legend: (Time is in decaauts)
 A = Elapsed time spent in this place.
 B = Non-inter-level travel time spent in this place.
 C = Inter-level travel time spent in this place.
 D = Time resting spent in this place.
 E = Time spent auto-exploring this place.
 F = Levels seen in this place.
 G = Mean time per level.
                   A        B        C        D        E       F      G
               +--------+--------+--------+--------+--------+-----+--------+
         Total |   4686 |   4443 |    243 |    380 |   3011 |   5 |  937.2 |
       Dungeon |   4686 |   4443 |    243 |    380 |   3011 |   5 |  937.2 |
               +--------+--------+--------+--------+--------+-----+--------+

Top non-repeatable levels by time:
     D:2: 1772 daAuts
     D:1: 1569 daAuts
     D:3: 689 daAuts
     D:4: 653 daAuts
     D:5: 1 daAuts
